RL
CLEVELAND BOBCATS @ ROCHESTER MONARCHS
04/20/2060
 
TOP OF THE 1ST
Cleveland Bobcats batting - Pitching for Rochester Monarchs : RHP Thaddeus Morrison
Pitching: RHP Thaddeus Morrison
Batting: SHB Davey Carter 0-0: Called Strike
0-1: Ball
1-1: Foul Ball, location: 2F
1-2: Ball
2-2: Ball
3-2: Base on Balls
Batting: RHB Jimmie Aletona 0-0: Called Strike
0-1: Foul Ball, location: 2F
0-2: Foul Ball, location: 2F
0-2: Ball
1-2: Fly out, F8 (Flyball, 8LM, EV 85.6 MPH)
Batting: RHB Mason Brooks 0-0: Called Strike
0-1: Ball
1-1: Ball
2-1: Foul Ball, location: 2F
2-2: Foul Ball, location: 2F
2-2: Fly out, F3 (Popup, 23F, EV 86.2 MPH)
Batting: SHB Pat Frazier 0-0: Called Strike
0-1: Swinging Strike
0-2: Fly out, F9 (Flyball, 9, EV 76.9 MPH)
Top of the 1st over - 0 runs, 0 hits, 0 errors, 1 left on base; Cleveland 0 - Rochester 0
BOTTOM OF THE 1ST
Rochester Monarchs batting - Pitching for Cleveland Bobcats : LHP Dean Blackburn
Pitching: LHP Dean Blackburn
Batting: RHB Horace York 0-0: Called Strike
0-1: SINGLE (Line Drive, 56D, EV 106.2 MPH)
Batting: RHB Jaren Oshel 0-0: Ball
Horace York steals 2nd base
1-0: Called Strike
1-1: SINGLE (Line Drive, 9S, EV 106.9 MPH)
Horace York to third
Runner from 3rd tries for Home, SAFE, throw by RF to home
Batting: RHB Paul Finlayson 0-0: Fly out, F9 (Line Drive, 89M, EV 91.2 MPH)
Batting: RHB Mickey Beck 0-0: Called Strike
0-1: Ball
1-1: Ball
Jaren Oshel steals 2nd base (no throw)
2-1: Ball
3-1: SINGLE (Groundball, 56D, EV 99.4 MPH)
Jaren Oshel to third
Runner from 3rd tries for Home, SAFE, throw by LF to home
Mickey Beck to second
Batting: RHB Armond Chaidez 0-0: Swinging Strike
0-1: Foul Ball, location: 2F
0-2: Ball
1-2: SINGLE (Groundball, 2R, EV 66.9 MPH) (infield hit)
Mickey Beck to third
Batting: RHB Vern Morales 0-0: Called Strike
0-1: Foul Ball, location: 2F
0-2: Strikes out swinging
Batting: RHB Rasheed Phillips 0-0: Called Strike
Armond Chaidez is caught stealing 2nd base 2-4
Bottom of the 1st over - 2 runs, 4 hits, 0 errors, 1 left on base; Cleveland 0 - Rochester 2
TOP OF THE 2ND
Cleveland Bobcats batting - Pitching for Rochester Monarchs : RHP Thaddeus Morrison
Batting: RHB Ken McGrath 0-0: Ball
1-0: Called Strike
1-1: Foul Ball, location: 2F
1-2: Ball
2-2: Strikes out swinging, 2-3 out at first.
Batting: SHB Tylor Fukuda 0-0: Ball
1-0: Ball
2-0: Ball
3-0: Called Strike
3-1: Called Strike
3-2: Foul Ball, location: 2F
3-2: Foul Ball, location: 2F
3-2: Base on Balls
Batting: RHB Garrett Parker 0-0: Called Strike
0-1: Ball
1-1: Fly out, F8 (Line Drive, 89D, EV 105.6 MPH)
Batting: RHB Hayden Harman 0-0: Ground out 5-3 (Groundball, 56S, EV 66.9 MPH)
Top of the 2nd over - 0 runs, 0 hits, 0 errors, 1 left on base; Cleveland 0 - Rochester 2
BOTTOM OF THE 2ND
Rochester Monarchs batting - Pitching for Cleveland Bobcats : LHP Dean Blackburn
Batting: RHB Rasheed Phillips 0-0: Ground out U3 (Groundball, 34, EV 91.2 MPH)
Batting: RHB Nik Old 0-0: Ground out 5-3 (Groundball, 56, EV 91.2 MPH)
Batting: RHB Frank Glass 0-0: Foul Ball, location: 2F
0-1: Ball
1-1: Ground out 4-3 (Groundball, 4, EV 100.6 MPH)
Bottom of the 2nd over - 0 runs, 0 hits, 0 errors, 0 left on base; Cleveland 0 - Rochester 2
TOP OF THE 3RD
Cleveland Bobcats batting - Pitching for Rochester Monarchs : RHP Thaddeus Morrison
Batting: SHB Kaileb Clemmet 0-0: Foul Ball, location: 2F
0-1: DOUBLE (Flyball, 89D, EV 95.0 MPH)
Batting: SHB Davey Carter 0-0: Ball
1-0: Called Strike
1-1: Ball
2-1: Fly out, F8 (Flyball, 89M, EV 91.2 MPH)
Batting: RHB Jimmie Aletona 0-0: Called Strike
0-1: Called Strike
0-2: Ball
1-2: Strikes out swinging
Batting: RHB Mason Brooks 0-0: Called Strike
Passed Ball!
Kaileb Clemmet to third
0-1: Ball
1-1: Ball
2-1: Ball
3-1: Foul Ball, location: 2F
3-2: Foul Ball, location: 2F
3-2: Foul Ball, location: 2F
3-2: Ground out 5-3 (Groundball, 56S, EV 85.6 MPH)
Top of the 3rd over - 0 runs, 1 hit, 0 errors, 1 left on base; Cleveland 0 - Rochester 2
BOTTOM OF THE 3RD
Rochester Monarchs batting - Pitching for Cleveland Bobcats : LHP Dean Blackburn
Batting: RHB Horace York 0-0: Called Strike
0-1: Swinging Strike
0-2: Ground out 6-3 (Groundball, 6, EV 83.1 MPH)
Batting: RHB Jaren Oshel 0-0: Ball
1-0: Foul Ball, location: 2F
1-1: Fly out, F8 (Flyball, 8RD, EV 94.4 MPH)
Batting: RHB Paul Finlayson 0-0: Fly out, F9 (Flyball, 9LSF, EV 85.6 MPH)
Bottom of the 3rd over - 0 runs, 0 hits, 0 errors, 0 left on base; Cleveland 0 - Rochester 2
TOP OF THE 4TH
Cleveland Bobcats batting - Pitching for Rochester Monarchs : RHP Thaddeus Morrison
Batting: SHB Pat Frazier 0-0: Ball
1-0: SINGLE (Flyball, 6D, EV 93.1 MPH)
Batting: RHB Ken McGrath 0-0: Fielders Choice at 2nd, 6-4 (Groundball, 6, EV 80.0 MPH)
Batting: SHB Tylor Fukuda 0-0: Called Strike
0-1: Swinging Strike
0-2: Foul Ball, location: 2F
0-2: Strikes out swinging
Batting: RHB Garrett Parker 0-0: Ball
Ken McGrath steals 2nd base
1-0: Foul Ball, location: 2F
1-1: Fly out, F7 (Flyball, 78M, EV 88.8 MPH)
Top of the 4th over - 0 runs, 1 hit, 0 errors, 1 left on base; Cleveland 0 - Rochester 2
BOTTOM OF THE 4TH
Rochester Monarchs batting - Pitching for Cleveland Bobcats : LHP Dean Blackburn
Batting: RHB Mickey Beck 0-0: Ball
1-0: Swinging Strike
1-1: Ball
2-1: Ball
3-1: Swinging Strike
3-2: Ground out 3-1 (Groundball, 34, EV 83.8 MPH)
Batting: RHB Armond Chaidez 0-0: Ball
1-0: Foul Ball, location: 2F
1-1: SOLO HOME RUN (Flyball, 9D, EV 101.2 MPH), Distance : 380 ft
Batting: RHB Vern Morales 0-0: Foul Ball, location: 2F
0-1: Foul Ball, location: 2F
0-2: Ball
1-2: Fly out, F3 (Popup, 3F, EV 66.2 MPH)
Batting: RHB Rasheed Phillips 0-0: Ball
1-0: Ball
2-0: Called Strike
2-1: Fly out, F9 (Flyball, 9LS, EV 88.8 MPH)
Bottom of the 4th over - 1 run, 1 hit, 0 errors, 0 left on base; Cleveland 0 - Rochester 3
TOP OF THE 5TH
Cleveland Bobcats batting - Pitching for Rochester Monarchs : RHP Thaddeus Morrison
Batting: RHB Hayden Harman 0-0: Reached on error, E6 (Groundball, 6, EV 83.1 MPH)
Batting: SHB Kaileb Clemmet 0-0: Called Strike
0-1: Foul Ball, location: 2F
0-2: Strikes out swinging
Batting: SHB Davey Carter 0-0: Called Strike
0-1: Ball
1-1: Fly out, F8 (Flyball, 8LM, EV 76.9 MPH)
Batting: RHB Jimmie Aletona 0-0: Swinging Strike
0-1: Ball
1-1: Ground out 4-3 (Groundball, 34D, EV 88.1 MPH)
Top of the 5th over - 0 runs, 0 hits, 1 error, 1 left on base; Cleveland 0 - Rochester 3
BOTTOM OF THE 5TH
Rochester Monarchs batting - Pitching for Cleveland Bobcats : LHP Dean Blackburn
Batting: RHB Nik Old 0-0: Ground out 5-3 (Groundball, 5, EV 85.0 MPH)
Batting: RHB Frank Glass 0-0: Ball
1-0: Called Strike
1-1: Called Strike
1-2: Ground out 6-3 (Groundball, 6, EV 88.1 MPH)
Batting: RHB Horace York 0-0: Called Strike
0-1: Ground out 6-3 (Groundball, 6, EV 86.9 MPH)
Bottom of the 5th over - 0 runs, 0 hits, 0 errors, 0 left on base; Cleveland 0 - Rochester 3
TOP OF THE 6TH
Cleveland Bobcats batting - Pitching for Rochester Monarchs : RHP Thaddeus Morrison
Batting: RHB Mason Brooks 0-0: Called Strike
0-1: Ball
1-1: Ball
2-1: Ground out 6-3 (Groundball, 6, EV 104.4 MPH)
Batting: SHB Pat Frazier 0-0: Foul Ball, location: 2F
0-1: Ball
1-1: Swinging Strike
1-2: Ground out U3 (Groundball, 3, EV 88.8 MPH)
Batting: RHB Ken McGrath 0-0: Foul Ball, location: 2F
0-1: Ball
1-1: Foul Ball, location: 2F
1-2: Strikes out swinging
Top of the 6th over - 0 runs, 0 hits, 0 errors, 0 left on base; Cleveland 0 - Rochester 3
BOTTOM OF THE 6TH
Rochester Monarchs batting - Pitching for Cleveland Bobcats : LHP Dean Blackburn
Batting: RHB Jaren Oshel 0-0: Swinging Strike
0-1: Ball
1-1: Called Strike
1-2: Foul Ball, location: 2F
1-2: Ground out 4-3 (Groundball, 34D, EV 99.4 MPH)
Batting: RHB Paul Finlayson 0-0: Ball
1-0: Ball
2-0: Ball
3-0: Called Strike
3-1: Called Strike
3-2: Foul Ball, location: 2F
3-2: Foul Ball, location: 2F
3-2: Base on Balls
Pitching: LHP Chase Prosperie
Batting: RHB Mickey Beck 0-0: Ball
1-0: Ball
2-0: Ball
3-0: Called Strike
3-1: Swinging Strike
3-2: Foul Ball, location: 2F
3-2: Strikes out looking
Batting: RHB Armond Chaidez 0-0: Ball
1-0: SINGLE (Groundball, 4MD, EV 104.4 MPH)
Paul Finlayson to second
Batting: RHB Vern Morales 0-0: Called Strike
0-1: Called Strike
0-2: Ball
1-2: Ball
2-2: Ball
3-2: Strikes out swinging
Bottom of the 6th over - 0 runs, 1 hit, 0 errors, 2 left on base; Cleveland 0 - Rochester 3
TOP OF THE 7TH
Cleveland Bobcats batting - Pitching for Rochester Monarchs : RHP Thaddeus Morrison
Pitching: RHP Jamil Smith
Batting: SHB Tylor Fukuda 0-0: Ball
1-0: Ball
2-0: DOUBLE (Flyball, 7LD, EV 101.2 MPH)
Pinch Hitting: SHB T.J. Bush 0-0: Called Strike
0-1: Foul Ball, location: 2F
0-2: Strikes out swinging
Pinch Hitting: SHB Rhett Carlo 0-0: Ball
1-0: Reached on error, E4 (Groundball, 4S, EV 90.6 MPH)
Tylor Fukuda to third
Pinch Hitting: RHB Jarod Bogush 0-0: Ball
1-0: Ball
Rhett Carlo is caught stealing 2nd base 2-4
2-0: Called Strike
2-1: Foul Ball, location: 2F
2-2: Ball
3-2: DOUBLE (Line Drive, 7LM, EV 101.2 MPH)
Tylor Fukuda scores
Batting: SHB Davey Carter 0-0: Ball
1-0: Ground out 5-3 (Groundball, 56, EV 106.2 MPH)
Top of the 7th over - 1 run, 2 hits, 1 error, 1 left on base; Cleveland 1 - Rochester 3
BOTTOM OF THE 7TH
Rochester Monarchs batting - Pitching for Cleveland Bobcats : LHP Chase Prosperie
Now at 2B: Jarod Bogush
Now at SS: Mather Parlee
Now in LF: Rhett Carlo
Batting: RHB Rasheed Phillips 0-0: Ball
1-0: Ball
2-0: Ground out 4-3 (Groundball, 4, EV 88.8 MPH)
Batting: RHB Nik Old 0-0: Ball
1-0: Ball
2-0: Fly out, F8 (Flyball, 8RS, EV 81.9 MPH)
Batting: RHB Frank Glass 0-0: Called Strike
0-1: Foul Ball, location: 2F
0-2: Strikes out looking
Bottom of the 7th over - 0 runs, 0 hits, 0 errors, 0 left on base; Cleveland 1 - Rochester 3
TOP OF THE 8TH
Cleveland Bobcats batting - Pitching for Rochester Monarchs : RHP Jamil Smith
Batting: RHB Jimmie Aletona 0-0: Swinging Strike
0-1: Foul Ball, location: 2F
0-2: Ball
1-2: SOLO HOME RUN (Flyball, 7D, EV 100.6 MPH), Distance : 369 ft
Pitching: LHP Evan Patin
Batting: RHB Mason Brooks 0-0: Called Strike
0-1: Called Strike
0-2: Ball
1-2: Ball
2-2: Ball
3-2: Strikes out swinging
Pinch Hitting: RHB Efrain Harris 0-0: Called Strike
0-1: Swinging Strike
0-2: Ball
1-2: Strikes out swinging
Batting: RHB Ken McGrath 0-0: Ground out 4-3 (Groundball, 4, EV 86.9 MPH)
Top of the 8th over - 1 run, 1 hit, 0 errors, 0 left on base; Cleveland 2 - Rochester 3
BOTTOM OF THE 8TH
Rochester Monarchs batting - Pitching for Cleveland Bobcats : LHP Chase Prosperie
Now in RF: Winston Dance
Batting: RHB Horace York 0-0: Ball
1-0: Ball
2-0: Called Strike
2-1: Foul Ball, location: 2F
2-2: Foul Ball, location: 2F
2-2: Fly out, F8 (Flyball, 89S, EV 84.4 MPH)
Batting: RHB Jaren Oshel 0-0: Ball
1-0: Ball
2-0: Foul Ball, location: 2F
2-1: Foul Ball, location: 2F
2-2: Ball
3-2: Base on Balls
Pitching: LHP Nikolas Doza
Batting: RHB Paul Finlayson 0-0: Ball
Jaren Oshel is caught stealing 2nd base 2-4
1-0: Foul Ball, location: 2F
1-1: Swinging Strike
1-2: Ground out 4-3 (Groundball, 4MD, EV 88.8 MPH)
Bottom of the 8th over - 0 runs, 0 hits, 0 errors, 0 left on base; Cleveland 2 - Rochester 3
TOP OF THE 9TH
Cleveland Bobcats batting - Pitching for Rochester Monarchs : LHP Evan Patin
Pitching: LHP Parker Timpe
Batting: SHB Tylor Fukuda 0-0: Ball
1-0: Foul Ball, location: 2F
1-1: Ball
2-1: Ground out U3 (Groundball, 3, EV 104.4 MPH)
Batting: RHB Mather Parlee 0-0: Foul Ball, location: 2F
0-1: Ball
1-1: Foul Ball, location: 2F
1-2: Strikes out swinging, 2-3 out at first.
Batting: SHB Rhett Carlo 0-0: Ball
1-0: Foul Ball, location: 2F
1-1: Foul Ball, location: 2F
1-2: Foul Ball, location: 2F
1-2: Ball
2-2: SOLO HOME RUN (Flyball, 7D, EV 101.2 MPH), Distance : 409 ft
Batting: RHB Jarod Bogush 0-0: Swinging Strike
0-1: Ground out 4-3 (Groundball, 4, EV 108.8 MPH)
Top of the 9th over - 1 run, 1 hit, 0 errors, 0 left on base; Cleveland 3 - Rochester 3
BOTTOM OF THE 9TH
Rochester Monarchs batting - Pitching for Cleveland Bobcats : LHP Nikolas Doza
Pitching: RHP Devin Salter
Batting: LHB Carlton Bryer 0-0: Called Strike
0-1: Foul Ball, location: 2F
0-2: Fly out, F7 (Flyball, 7D, EV 106.2 MPH)
Pitching: LHP Lawson Roberts
Batting: RHB Armond Chaidez 0-0: Called Strike
0-1: Swinging Strike
0-2: Foul Ball, location: 2F
0-2: Ground out 6-3 (Groundball, 6, EV 99.4 MPH)
Pinch Hitting: RHB Kristofer Pleasants 0-0: Ball
1-0: Foul Ball, location: 2F
1-1: Swinging Strike
1-2: Ball
2-2: Foul Ball, location: 2F
2-2: Ball
3-2: Fly out, F8 (Flyball, 8RD, EV 82.5 MPH)
Bottom of the 9th over - 0 runs, 0 hits, 0 errors, 0 left on base; Cleveland 3 - Rochester 3
TOP OF THE 10TH
Cleveland Bobcats batting - Pitching for Rochester Monarchs : LHP Parker Timpe
Now at SS: Dustin Johnson
Batting: SHB Davey Carter 0-0: Called Strike
0-1: Swinging Strike
0-2: Ball
1-2: Ball
2-2: Strikes out swinging
Pitching: LHP Gerald Tura
Batting: RHB Jimmie Aletona 0-0: Called Strike
0-1: Foul Ball, location: 3F, Error on foul ball, E3
0-2: Foul Ball, location: 2F
0-2: Ball
1-2: Foul Ball, location: 2F
1-2: Ball
2-2: SINGLE (Line Drive, 89S, EV 101.2 MPH)
Batting: RHB Mason Brooks 0-0: Ball
1-0: Ball
2-0: Called Strike
2-1: Ball
3-1: Foul Ball, location: 2F
3-2: Fly out, F9 (Flyball, 89M, EV 80.0 MPH)
Batting: LHB Winston Dance 0-0: Fly out, F7 (Flyball, 78D, EV 94.4 MPH)
Top of the 10th over - 0 runs, 1 hit, 1 error, 1 left on base; Cleveland 3 - Rochester 3
BOTTOM OF THE 10TH
Rochester Monarchs batting - Pitching for Cleveland Bobcats : LHP Lawson Roberts
Batting: RHB Rasheed Phillips 0-0: Fly out, F7 (Flyball, 7LS, EV 85.0 MPH)
Batting: RHB Nik Old 0-0: Ball
1-0: Ball
2-0: Ball
3-0: Called Strike
3-1: Base on Balls
Batting: RHB Frank Glass 0-0: Ball
1-0: Ball
2-0: Ball
3-0: Base on Balls
Nik Old to second
Batting: RHB Horace York 0-0: Foul Ball, location: 2F
0-1: Ball
1-1: Swinging Strike
1-2: Fielders Choice at 2nd, 6-4 (Groundball, 6, EV 100.6 MPH)
Nik Old to third
Batting: RHB Jaren Oshel 0-0: Foul Ball, location: 2F
0-1: Foul Ball, location: 2F
0-2: Ball
1-2: Ball
2-2: Strikes out looking
Bottom of the 10th over - 0 runs, 0 hits, 0 errors, 2 left on base; Cleveland 3 - Rochester 3
TOP OF THE 11TH
Cleveland Bobcats batting - Pitching for Rochester Monarchs : LHP Gerald Tura
Batting: RHB Ken McGrath 0-0: Swinging Strike
0-1: Ball
1-1: Called Strike
1-2: Strikes out swinging
Batting: SHB Tylor Fukuda 0-0: Ball
1-0: Ball
2-0: Called Strike
2-1: Foul Ball, location: 2F
2-2: Foul Ball, location: 2F
2-2: Strikes out swinging
Pitching: LHP Conner Scott
Batting: RHB Mather Parlee 0-0: Ball
1-0: SINGLE (Line Drive, 4D, EV 97.5 MPH)
Batting: SHB Rhett Carlo 0-0: Ball
1-0: Called Strike
Mather Parlee steals 2nd base
1-1: Ground out 4-3 (Groundball, 4M, EV 90.6 MPH)
Top of the 11th over - 0 runs, 1 hit, 0 errors, 1 left on base; Cleveland 3 - Rochester 3
BOTTOM OF THE 11TH
Rochester Monarchs batting - Pitching for Cleveland Bobcats : LHP Lawson Roberts
Batting: RHB Paul Finlayson 0-0: Called Strike
0-1: Ball
1-1: Swinging Strike
1-2: Ball
2-2: Ball
3-2: Base on Balls
Batting: LHB Carlton Bryer 0-0: Ball
1-0: Ball
2-0: Called Strike
2-1: Ball
3-1: Base on Balls
Paul Finlayson to second
Pinch Runner at 2nd Kevin Goodfriend:
Batting: RHB Armond Chaidez 0-0: Swinging Strike
0-1: Called Strike
0-2: Ball
1-2: Strikes out swinging
Pinch Hitting: LHB Addison Morris 0-0: Called Strike
0-1: Foul Ball, location: 2F
0-2: Foul Ball, location: 2F
0-2: Ball
1-2: Ball
2-2: Ball
3-2: Strikes out looking
Batting: RHB Rasheed Phillips 0-0: Ball
Wild Pitch!
Kevin Goodfriend to third
Carlton Bryer to second
1-0: Foul Ball, location: 2F
1-1: Foul Ball, location: 2F
1-2: Foul Ball, location: 2F
1-2: Ball
2-2: Ball
3-2: Fly out, F8 (Line Drive, 8RD, EV 86.2 MPH)
Bottom of the 11th over - 0 runs, 0 hits, 0 errors, 2 left on base; Cleveland 3 - Rochester 3
TOP OF THE 12TH
Cleveland Bobcats batting - Pitching for Rochester Monarchs : LHP Conner Scott
Now at C: Phil Dimitratos
Now at SS: Kevin Goodfriend
Batting: RHB Jarod Bogush 0-0: Ball
1-0: Foul Ball, location: 2F
1-1: Swinging Strike
1-2: Strikes out swinging
Batting: SHB Davey Carter 0-0: Foul Ball, location: 2F
0-1: Swinging Strike
0-2: Ball
1-2: Foul Ball, location: 2F
1-2: Ball
2-2: Strikes out swinging
Batting: RHB Jimmie Aletona 0-0: Ball
1-0: Ball
2-0: Ball
3-0: Base on Balls
Batting: RHB Mason Brooks 0-0: Swinging Strike
0-1: Ball
Jimmie Aletona is caught stealing 2nd base 2-4
Top of the 12th over - 0 runs, 0 hits, 0 errors, 0 left on base; Cleveland 3 - Rochester 3
BOTTOM OF THE 12TH
Rochester Monarchs batting - Pitching for Cleveland Bobcats : LHP Lawson Roberts
Pitching: LHP Brian Kincade
Batting: RHB Nik Old 0-0: Ball
1-0: TRIPLE (Flyball, 9D, EV 95.6 MPH)
Batting: RHB Frank Glass 0-0: 2-RUN HOME RUN (Flyball, 78XD, EV 100.0 MPH), Distance : 408 ft
Bottom of the 12th over - 2 runs, 2 hits, 0 errors, 0 left on base; Cleveland 3 - Rochester 5
Monday, April 29th , 2024 - OOTP Baseball 23.10 Build 110